AoeStats
← tobinho_125

Arabia

507121764Analyzed
4v4 RM · 15d ago on Sep 16, 2026· 61m 18s· 8 players
Game mode
Random Map
Map size
Large (8 player)
Population
200
Speed
Normal
Resources
Standard
Victory
Conquest
Starting age
Dark Age
Ending age
Imperial Age
RankedLock teamsTeams togetherTeam positionsShared explorationLock speedFull tech treeHidden civsTurbo modeCheats
Victory
Defeat
🇫🇷 Magyars · France
939
+15
🇫🇷 Bohemians · France
909
+16
🇩🇪 Hindustanis · Germany
902
+16
🇩🇪 Romans · Germany
893
+17
🇹🇷 Vietnamese · Türkiye
997
-19
🇹🇷 Teutons · Türkiye
914
-16
🇩🇪 Magyars · Germany
875
-15
🇺🇸 Celts · United States
860
-14
Dalta75
10:38 Feudal Age
11:19 Double-Bit Axe
11:15 Horse Collar
15:02 Loom
18:34 Castle Age
22:25 Wheelbarrow
26:02 Bow Saw
30:17 Hand Cart
31:26 Town Watch
34:56 Chemistry
36:48 Imperial Age
34:40 Scale Mail Armor
34:38 Elite Skirmisher
36:14 Masonry
37:25 Town Patrol
37:12 Treadmill Crane
37:44 Forging
38:55 Coinage
38:24 Murder Holes
39:03 Fortified Wall
39:54 Caravan
40:19 Ballistics
40:29 Conscription
41:10 Pikeman
41:50 Squires
41:37 Arson
42:44 Hussite Reforms
46:36 Wagenburg Tactics
48:09 Architecture
47:56 Chain Mail Armor
48:16 Iron Casting
47:49 Siege Engineers
49:32 Plate Mail Armor
49:03 Padded Archer Armor
48:53 Fletching
50:10 Halberdier
51:56 Blast Furnace
52:42 Elite Hussite Wagon
54:37 Leather Archer Armor
54:18 Bodkin Arrow
57:55 Guilds
58:16 Banking
58:10 Bracer
58:40 Ring Archer Armor
58:32 Bombard Tower
59:18 Houfnice
Cramgee
11:50 Feudal Age
12:00 Loom
14:13 Double-Bit Axe
14:17 Horse Collar
17:40 Castle Age
17:53 Man-at-Arms
22:13 Scale Barding Armor
23:06 Husbandry
24:26 Bloodlines
28:15 Heavy Plow
28:28 Bow Saw
28:47 Ballistics
31:05 Murder Holes
31:07 Fletching
34:20 Ballistas
38:04 Imperial Age
36:29 Masonry
37:44 Gold Mining
38:06 Heavy Scorpion
39:47 Wheelbarrow
40:19 Bodkin Arrow
43:31 Forging
43:21 Scale Mail Armor
42:46 Long Swordsman
44:58 Comitatenses
45:02 Conscription
46:38 Hand Cart
46:44 Chain Mail Armor
47:04 Iron Casting
47:50 Legionary
48:33 Squires
49:44 Blast Furnace
52:30 Crop Rotation
52:39 Pikeman
56:30 Halberdier
tobinho_125
11:06 Feudal Age
11:29 Feudal Age
9:45 Loom
16:07 Castle Age
14:40 Double-Bit Axe
15:07 Horse Collar
20:56 Wheelbarrow
21:56 Town Watch
26:02 Hand Cart
28:06 Ballistics
27:42 Murder Holes
33:18 Imperial Age
31:04 Bow Saw
32:34 Light Cavalry
33:25 Bloodlines
35:08 Chemistry
33:55 Heavy Camel Rider
35:20 Gold Mining
35:36 Caravan
35:54 Shatagni
35:48 Hussar
36:36 Scale Barding Armor
36:31 Padded Archer Armor
36:42 Forging
36:23 Fletching
37:46 Imperial Camel Rider
39:48 Conscription
39:45 Heavy Plow
43:50 Chain Barding Armor
43:45 Leather Archer Armor
44:06 Iron Casting
48:18 Ring Archer Armor
47:43 Bodkin Arrow
47:48 Scale Mail Armor
48:24 Plate Barding Armor
48:49 Blast Furnace
48:39 Stone Mining
49:24 Gold Shaft Mining
49:46 Husbandry
51:28 Chain Mail Armor
51:13 Bracer
60:02 Hoardings
BLeu Roy
7:19 Loom
9:51 Feudal Age
10:45 Double-Bit Axe
11:40 Horse Collar
15:19 Town Watch
20:13 Castle Age
18:27 Fletching
18:37 Padded Archer Armor
19:20 Bloodlines
22:00 Bodkin Arrow
28:51 Leather Archer Armor
29:39 Ballistics
32:37 Bow Saw
33:23 Heavy Plow
35:38 Thumb Ring
36:31 Husbandry
37:54 Wheelbarrow
42:16 Imperial Age
40:32 Hand Cart
42:59 Bracer
43:01 Recurve Bow
43:22 Conscription
44:48 Parthian Tactics
44:40 Heavy Cavalry Archer
46:38 Ring Archer Armor
48:17 Chemistry
47:28 Masonry
48:01 Caravan
50:53 Light Cavalry
56:35 Scale Barding Armor
58:28 Coinage
60:02 Conscription
61:54 Chain Barding Armor
EHay14
11:39 Feudal Age
21:34 Castle Age
21:50 Pikeman
23:52 Double-Bit Axe
26:11 Forging
26:01 Scale Mail Armor
30:32 Gambesons
30:34 Arson
32:13 Bow Saw
38:37 Imperial Age
40:07 Halberdier
43:06 Treadmill Crane
47:23 Stronghold
47:56 Conscription
51:40 Capped Ram
54:49 Elite Skirmisher
56:06 Imperial Skirmisher
Lesa
8:02 Loom
10:43 Feudal Age
14:36 Double-Bit Axe
14:33 Horse Collar
17:50 Fletching
18:01 Padded Archer Armor
18:53 Wheelbarrow
23:51 Castle Age
25:09 Bodkin Arrow
25:30 Leather Archer Armor
26:01 Scale Mail Armor
26:11 Forging
27:54 Bow Saw
27:47 Heavy Plow
28:27 Squires
28:12 Arson
30:22 Chain Mail Armor
29:43 Elite Skirmisher
30:28 Thumb Ring
32:36 Iron Casting
39:50 Ballistics
46:15 Imperial Age
46:31 Imperial Skirmisher
47:14 Bracer
47:44 Ring Archer Armor
Eskiçeri
13:31 Feudal Age
17:48 Castle Age
16:03 Stone Mining
16:01 Double-Bit Axe
16:18 Horse Collar
21:40 Bow Saw
22:04 Loom
24:27 Wheelbarrow
25:55 Hand Cart
28:12 Stone Shaft Mining
29:05 Gold Mining
34:04 Imperial Age
34:12 Imperial Age
34:33 Elite Teutonic Knight
35:39 Crenellations
35:55 Hoardings
36:35 Conscription
36:37 Bloodlines
36:11 Cavalier
38:30 Scale Barding Armor
38:36 Forging
39:32 Town Watch
40:35 Paladin
45:23 Chain Barding Armor
50:50 Town Patrol
Och Nö
11:24 Feudal Age
12:47 Double-Bit Axe
13:33 Bloodlines
13:53 Scale Barding Armor
15:35 Horse Collar
17:58 Wheelbarrow
23:53 Castle Age
24:51 Fletching
25:02 Padded Archer Armor
26:41 Thumb Ring
26:42 Husbandry
28:00 Bodkin Arrow
28:32 Bow Saw
29:40 Leather Archer Armor
29:50 Fishing Lines
30:20 Heavy Plow
30:37 Stone Mining
30:37 Gold Mining
31:10 Hand Cart
33:13 Hand Cart
33:56 Medium Warships
33:42 Gillnets
37:40 Imperial Age
37:46 Imperial Age
36:24 Corvinian Army
37:05 Hand Cart
39:09 Conscription
40:36 Recurve Bow
42:05 Chemistry
41:39 Ballistics
41:52 Ring Archer Armor
41:24 Bracer
41:53 Parthian Tactics
41:06 Heavy Cavalry Archer
43:29 Two-Man Saw
43:19 Elite Magyar Huszar
46:21 Chain Barding Armor
46:32 Light Cavalry
51:15 Hussar
Connection lost

Rejoining the realm…

Still unreachable

The connection could not be restored.

Session expired

The server has moved on; the page needs a fresh start.